 Dungeon Crawl Stone Soup version 0.31-a0-303-gdc8c9485ea (webtiles) character file.

Game seed: 10934887580863908361

13087 Monkooky the Mimic (level 12, -5/79 HPs)
             Began as a Djinni Shapeshifter on July 16, 2023.
             Was a High Priest of Ru.
             Killed from afar by an acid dragon (33 damage)
             ... with a splash of acid
             ... on level 10 of the Dungeon.
             The game lasted 00:29:40 (10308 turns).

Monkooky the Mimic (Djinni Shapeshifter)           Turns: 10308, Time: 00:29:40

Health: -5/79      AC:  3    Str: 14    XL:     12   Next: 28%
Gold:   570        EV: 13    Int: 22    God:    Ru [*****.] SH:  0 Dex: 16

rFire   + + +        q - melded +9 trident "Vuog" {pain, Int+3}
rCold   . . .        (shield currently unavailable)
rNeg    + . .        o - +2 robe "Omoxugo" {MP+9 Int+3}
rPois   ∞            J - +0 helmet
rElec   .            B - scarf {rC+ rF+}
rCorr   .            (gloves currently unavailable)
SInv    .            (boots unavailable)
Will    +....        (no amulet)
Stlth   ++           n - ring of the Shining Light {Int+6 Stlth+}
HPRegen 0.33/turn    O - ring of positive energy
MPRegen 0.00/turn

%: infuse magic (-6 HP)
@: exhausted, blade hands, flying, unable to read
A: flying, sickness immunity, fire resistance 2, cold vulnerability 1, inability
to read after injury 2, inability to use devices, no hexes magic, no ice magic,
no translocations magic, float, innate caster, HP casting, extra vitality 1
a: Begin Untransformation, Renounce Religion, Draw Out Power, Power Leap,
Apocalypse


You were on level 10 of the Dungeon.
You worshipped Ru.
Ru was extremely pleased with you.
You had blades for hands.
You visited 2 branches of the dungeon, and saw 11 of its levels.
You visited the Abyss 1 time.

You collected 570 gold pieces.

Inventory:

Hand Weapons
 q - the +9 trident "Vuog" (melded) {pain, Int+3}
   (You found it on level 2 of the Dungeon)

   Int:       It affects your intelligence (+3).
Missiles
 w - 55 poisoned darts (quivered)
 y - a throwing net
 E - 6 curare-tipped darts
Armour
 a - a +0 animal skin
 k - a +0 pair of gloves
 o - the +2 robe "Omoxugo" (worn) {MP+9 Int+3}
   (You found it on level 2 of the Dungeon)

   Int:       It affects your intelligence (+3).
   MP:        It affects your magic capacity (+9).
 B - a scarf of resistance (worn)
 I - a +0 animal skin
 J - a +0 helmet (worn)
 L - a +0 cloak
 P - a +1 helmet
Jewellery
 n - the ring of the Shining Light (left blade hand) {Int+6 Stlth+}
   (You found it on level 2 of the Dungeon)

   [ring of intelligence]

   Int:       It affects your intelligence (+6).
   Stlth:     It makes you more stealthy.
 O - a ring of positive energy (right blade hand)
Talismans
 c - a beast talisman
 C - a blade talisman
Scrolls
 f - 2 scrolls of blinking {unknown}
 i - 5 scrolls of teleportation
 j - 4 scrolls of enchant armour {unknown}
 m - 4 scrolls of immolation
 r - 2 scrolls of poison
 u - 2 scrolls of vulnerability
 v - 3 scrolls of torment
 z - 2 scrolls of revelation {unknown}
 A - a scroll of summoning
 G - a scroll of silence {unknown}
 H - a scroll of fog {unknown}
 M - a scroll of fear {unknown}
Potions
 b - 2 potions of lignification
 d - 3 potions of enlightenment
 e - 2 potions of heal wounds
 g - a potion of magic {unknown}
 h - 3 potions of cancellation {unknown}
 l - a potion of degeneration {unknown}
 p - a potion of resistance {unknown}
 s - a potion of berserk rage {unknown}
 t - 2 potions of attraction {unknown}
 x - 3 potions of curing {unknown}
 D - 4 potions of might {unknown}
 F - a potion of ambrosia {unknown}
 K - a potion of invisibility {unknown}
 N - a potion of haste {unknown}


   Skills:
 - Level 4.7 Fighting
 - Level 6.0 Throwing
 - Level 2.7 Dodging
 - Level 6.0 Unarmed Combat
 - Level 5.8 Spellcasting
 - Level 5.8 Conjurations
 - Level 5.8 Summonings
 - Level 5.8 Necromancy
 - Level 5.8 Transmutations
 - Level 5.8 Fire Magic
 - Level 5.8 Air Magic
 - Level 5.8 Earth Magic
 - Level 5.8 Poison Magic
 * Level 12.7 Shapeshifting


You knew the following spells:

 Your Spells              Type           Power      Damage    Failure   Level
a - Magic Dart            Conj           100%       1d8       14%         1
b - Blink                 Tloc           12%        N/A       54%         2
c - Ignite Poison         Fire/Tmut/Pois 32%        N/A       24%         3
d - Dazzling Flash        Conj/Hex       38%        N/A       43%         3
e - Manifold Assault      Tloc           6%         N/A       95%         4
Your spell library was empty.

Dungeon Overview and Level Annotations

Branches:
Dungeon (10/15)            Temple (1/1) D:5            Lair (0/5) D:9
    Orc: D:9-12

Altars:
Ashenzari
Cheibriados
Dithmenos
Elyvilon
Fedhas
Gozag
Hepliaklqana
Makhleb
Nemelex Xobeh
Okawaru
Qazlal
Ru
Trog
Uskayaw
Wu Jian
Xom
Yredelemnul
Zin
The Shining One

Shops:
D:4 *   D:9 *

Annotations:
D:4 exclusion: downstairs
D:6 exclusion: downstairs


Innate Abilities, Weirdness & Mutations

You have blades for hands.
You are flying.
Your spellcasting is less reliable in this form.
You are incapable of wielding weapons or throwing items.
You are immune to sickness and miasma.
You are immune to poison.
Your flesh is very heat resistant. (rF++)
You are vulnerable to cold. (rC-)
You sometimes lose the ability to read scrolls when taking damage.
You cannot study or use magical devices.
You cannot study or cast Hexes magic.
You cannot study or cast Ice magic.
You cannot study or cast Translocations magic.
You float through the air rather than walking.
You learn spells naturally, not from books.
Your magical power is your life essence.
You have superior vitality. (+4 MHP)


Message History

As you read the scroll of poison, it crumbles to dust.
The helpless Josephine fails to defend herself.
You slice Josephine!! You slash Josephine, but do no damage.
Josephine is almost dead.
The helpless Josephine fails to defend herself.
You hit Josephine. You slash Josephine.
You kill Josephine!
You redirect the acid dragon's attack!
The two-headed ogre is engulfed in poison gas.
The two-headed ogre is poisoned.
Press: ? - help, v - describe, . - travel
Here: a two-headed ogre, wielding a +0 giant club and a +0 giant spiked club (poison gas, lightly wounded, poisoned)
The floor.
Unknown command.
Casting: Ignite Poison (dangerous; 24% risk of failure)
Confirm with . or Enter, or press ? or * to list all spells.
You are standing in a cloud of poison gas!
Ignite poison anyway?
You ignite the poison in your surroundings!
The two-headed ogre seems to burn from within!
The two-headed ogre is moderately wounded.
You are engulfed in blazing flames.
You resist.
The two-headed ogre is engulfed in blazing flames.
The two-headed ogre hits you with a +0 giant club!
You feel threatened and lose the ability to read scrolls!
The two-headed ogre barely misses you.
Unknown command.
You slash the two-headed ogre!
The two-headed ogre is severely wounded.
You are engulfed in blazing flames.
You resist.
You barely miss the two-headed ogre.
The two-headed ogre is severely wounded.
You are engulfed in blazing flames.
You resist.
The two-headed ogre is engulfed in blazing flames.
You kill the two-headed ogre!
You have finished your manual of Shapeshifting and toss it away.
You are engulfed in blazing flames.
You resist.
The acid dragon is engulfed in blazing flames.
The acid dragon spits acid at you. The splash of acid hits you!!
You die...

###..## ##..##
#...# #...##
##..# ##...##
#..# ##..○##
##.## ##.°☼##
#..# ##○○○#
#..#### ##○°○#
##...○####○○○##
###.°☼°○☼.@☼#
####☼°°○☼°#
###.)○## #
##○°D## .##
#☼○°○.## #...
#☼°☼☼..## #...⌠
#○○###...###....
#°°# ##.†....#
#..# ##.†..##


You could see an acid dragon (catching breath).

Vanquished Creatures
  Josephine (D:10)
  Erolcha (D:9)
  3 two-headed ogres
  Urug (D:10)
  Pikel (D:9)
  Maurice (D:10)
  Maggie (D:10)
  Grinder (D:5)
  Prince Ribbit (D:7)
  A vampire (D:9)
  A ynoxinul (Abyss:1)
  A wyvern (D:8)
  10 yaks
  5 wraiths (D:10)
  A warg (D:6)
  Duvessa (D:7)
  A water moccasin (D:8)
  An ice beast (D:7)
  2 orc warriors (D:6)
  14 ogres
  3 lemures (D:9)
  A phantom (D:6)
  5 kobold brigands
  3 bullfrogs
  6 scorpions
  2 gnoll sergeants (D:6)
  Dowan (D:7)
  10 killer bees (D:9)
  7 howler monkeys
  13 hounds
  A quasit (Abyss:1)
  4 gnoll boudas
  A jelly (D:6)
  10 orc priests
  2 iguanas (D:5)
  9 orc wizards
  Natasha (thrice) (D:4)
  Robin (D:3)
  7 adders
  10 gnolls
  A shadow imp (D:8)
  2 white imps
  3 worms (D:2)
  A dart slug (D:2)
  29 orcs
  6 ball pythons
  5 bats
  7 endoplasms
  5 giant cockroaches
  16 goblins
  14 hobgoblins
  12 jackals
  20 kobolds
  4 quokkas
  3 frilled lizards
  2 rats
  A spectral hobgoblin (D:1)
279 creatures vanquished.

Vanquished Creatures (others)
  Joseph (D:7)
  An orc wizard (D:6)
2 creatures vanquished.

Grand Total: 281 creatures vanquished

Notes
Turn   | Place    | Note
-------+----------+-------------------------------------------
     0 | D:1      | Monkooky the Djinni Shapeshifter began the quest for the
                  | Orb.
     0 | D:1      | Reached XP level 1. HP: 18/18 MP: 0/0
    19 | D:1      | Found a faded altar of an unknown god.
    32 | D:1      | Prayed at the altar of an unknown god.
    32 | D:1      | Became a worshipper of Ru the Awakened
    39 | D:1      | Gained mutation: You occasionally lose the ability to read
                  | scrolls when taking damage. [Ru sacrifice]
    39 | D:1      | Gained mutation: You sometimes lose the ability to read
                  | scrolls when taking damage. [Ru sacrifice]
    39 | D:1      | Reached * piety under Ru
   128 | D:1      | Reached XP level 2. HP: 20/23 MP: 0/0
   376 | D:1      | Reached XP level 3. HP: 27/29 MP: 0/0
   376 | D:1      | Learned a level 1 spell: Magic Dart
   975 | D:2      | Reached XP level 4. HP: 23/34 MP: 0/0
  1111 | D:2      | Identified the ring of the Shining Light {Int+6 Stlth+}
  1406 | D:2      | Found an ornate altar of the Wu Jian Council.
  1565 | D:2      | Identified the +2 robe "Omoxugo" {MP+9 Int+3}
  1605 | D:2      | Identified the +9 trident "Vuog" {pain, Int+3}
  1803 | D:3      | Noticed Robin
  1809 | D:3      | Reached XP level 5. HP: 35/39 MP: 0/0
  1809 | D:3      | Learned a level 2 spell: Blink
  1810 | D:3      | Killed Robin
  2147 | D:3      | Gained mutation: You cannot study or use magical devices.
                  | [Ru sacrifice]
  2147 | D:3      | Reached ** piety under Ru
  2147 | D:3      | Reached *** piety under Ru
  2591 | D:4      | Noticed Natasha
  2601 | D:4      | Killed Natasha
  2602 | D:4      | Reached skill level 1 in Spellcasting
  2602 | D:4      | Reached skill level 1 in Conjurations
  2602 | D:4      | Reached skill level 1 in Hexes
  2602 | D:4      | Reached skill level 1 in Summonings
  2602 | D:4      | Reached skill level 1 in Necromancy
  2602 | D:4      | Reached skill level 1 in Translocations
  2602 | D:4      | Reached skill level 1 in Transmutations
  2602 | D:4      | Reached skill level 1 in Fire Magic
  2602 | D:4      | Reached skill level 1 in Ice Magic
  2602 | D:4      | Reached skill level 1 in Air Magic
  2602 | D:4      | Reached skill level 1 in Earth Magic
  2602 | D:4      | Reached skill level 1 in Poison Magic
  2628 | D:4      | Reached XP level 6. HP: 42/46 MP: 0/0
  2630 | D:4      | Noticed Natasha
  2637 | D:4      | Killed Natasha
  2660 | D:4      | Noticed Natasha
  2678 | D:4      | Killed Natasha
  2883 | D:4      | Reached XP level 7. HP: 46/50 MP: 0/0
  2883 | D:4      | Learned a level 3 spell: Ignite Poison
  2959 | D:4      | Found Duhah's Overcharged Wands.
  3273 | D:4      | Found a broken altar of Ashenzari.
  3479 | D:5      | Entered Level 5 of the Dungeon
  3487 | D:5      | Noticed Grinder
  3509 | D:5      | Killed Grinder
  3587 | D:5      | Found a hazy altar of Hepliaklqana.
  3587 | D:5      | Found a sparkling altar of Nemelex Xobeh.
  3596 | D:5      | Found an ornate altar of the Wu Jian Council.
  3597 | D:5      | Found a burning altar of Makhleb.
  3597 | D:5      | Found an iron altar of Okawaru.
  3597 | D:5      | Found a white marble altar of Elyvilon.
  3597 | D:5      | Found a sacrificial altar of Ru.
  3599 | D:5      | Found a shimmering altar of Xom.
  3600 | D:5      | Found a snail-covered altar of Cheibriados.
  3601 | D:5      | Found an opulent altar of Gozag.
  3602 | D:5      | Found a hide-covered altar of Uskayaw.
  3627 | D:5      | Reached XP level 8. HP: 55/56 MP: 0/0
  3643 | D:5      | Reached skill level 5 in Spellcasting
  3643 | D:5      | Reached skill level 5 in Conjurations
  3643 | D:5      | Reached skill level 5 in Hexes
  3643 | D:5      | Reached skill level 5 in Summonings
  3643 | D:5      | Reached skill level 5 in Necromancy
  3643 | D:5      | Reached skill level 5 in Translocations
  3643 | D:5      | Reached skill level 5 in Transmutations
  3643 | D:5      | Reached skill level 5 in Fire Magic
  3643 | D:5      | Reached skill level 5 in Ice Magic
  3643 | D:5      | Reached skill level 5 in Air Magic
  3643 | D:5      | Reached skill level 5 in Earth Magic
  3643 | D:5      | Reached skill level 5 in Poison Magic
  3933 | D:5      | Found a staircase to the Ecumenical Temple.
  3966 | Temple   | Entered the Ecumenical Temple
  4413 | D:6      | Gained mutation: You cannot study or cast Ice magic. [Ru
                  | sacrifice]
  4413 | D:6      | Gained mutation: You cannot study or cast Hexes magic. [Ru
                  | sacrifice]
  4413 | D:6      | Gained mutation: You cannot study or cast Translocations
                  | magic. [Ru sacrifice]
  4413 | D:6      | Reached **** piety under Ru
  4413 | D:6      | Reached ***** piety under Ru
  4425 | D:6      | Reached skill level 3 in Shapeshifting
  4469 | D:6      | Reached skill level 4 in Shapeshifting
  4644 | D:6      | Reached XP level 9. HP: 50/61 MP: 0/0
  4644 | D:6      | Learned a level 3 spell: Dazzling Flash
  4705 | D:6      | Reached skill level 5 in Shapeshifting
  4896 | D:6      | Reached skill level 6 in Shapeshifting
  5260 | D:6      | Reached skill level 7 in Shapeshifting
  5282 | D:6      | Noticed a two-headed ogre
  5289 | D:6      | HP: 3/61 [gnoll sergeant/+0 spear (6)]
  5464 | D:6      | Reached XP level 10. HP: 64/67 MP: 0/0
  5483 | D:6      | Reached skill level 8 in Shapeshifting
  5888 | D:6      | Reached skill level 1 in Throwing
  6105 | D:6      | Killed a two-headed ogre
  6397 | D:7      | Noticed Duvessa
  6530 | D:7      | Noticed Joseph
  6661 | D:7      | Killed Joseph
  6662 | D:7      | Reached skill level 5 in Throwing
  6825 | D:7      | Found a basalt altar of Yredelemnul.
  6837 | D:7      | Noticed Dowan
  6842 | D:7      | Killed Duvessa
  6842 | D:7      | Killed Dowan
  6950 | D:7      | Noticed Prince Ribbit
  6965 | D:7      | Killed Prince Ribbit
  7055 | D:7      | Found a shadowy altar of Dithmenos.
  7634 | D:8      | Noticed a two-headed ogre
  7643 | D:8      | Reached XP level 11. HP: 37/63 MP: 0/0
  7643 | D:8      | Learned a level 4 spell: Manifold Assault
  7643 | D:8      | Killed a two-headed ogre
  7662 | D:8      | Reached skill level 9 in Shapeshifting
  8301 | D:8      | Found a bloodstained altar of Trog.
  8622 | D:9      | Noticed Pikel
  8633 | D:9      | Killed Pikel
  8634 | D:9      | Reached skill level 5 in Unarmed Combat
  9400 | D:9      | Found Eymemig's Eclectic Emporium.
  9427 | D:9      | Found a staircase to the Lair.
  9531 | D:9      | Noticed Erolcha
  9558 | Abyss:1  | Cast into level 1 of the Abyss (Erolcha)
  9602 | Abyss:1  | Found a corrupted altar of Lugonu.
  9616 | Abyss:1  | Found a corrupted altar of Lugonu.
  9634 | D:9      | Escaped the Abyss
  9636 | D:9      | Killed Erolcha
  9637 | D:9      | Reached skill level 10 in Shapeshifting
  9874 | D:10     | Entered Level 10 of the Dungeon
  9874 | D:10     | Noticed Urug
  9876 | D:10     | Noticed Maurice
  9884 | D:10     | Killed Urug
 10035 | D:10     | Killed Maurice
 10125 | D:10     | Reached skill level 11 in Shapeshifting
 10131 | D:10     | Reached XP level 12. HP: 60/78 MP: 0/0
 10137 | D:10     | Noticed Maggie
 10143 | D:10     | Killed Maggie
 10294 | D:10     | Noticed Josephine
 10297 | D:10     | Reached skill level 12 in Shapeshifting
 10297 | D:10     | Noticed a two-headed ogre
 10303 | D:10     | Killed Josephine
 10307 | D:10     | Killed a two-headed ogre
 10308 | D:10     | Killed from afar by an acid dragon

Illustrated notes

Levels and vault maps discovered:
D:1:      doesnt_arrival_eight_statues, layout_basic,
          dreamdust_ecumenical_altar_drowned_temple
D:2:      layout_loops_cross, basic_altar, serial_bayou_ford_a
D:3:      layout_loops_cross, minmay_tree_intersection, grunt_ministairs_2,
          nicolae_hexahallways, minmay_liquid_box, uniq_robin
D:4:      layout_basic, ashenzari_altar_1, nicolae_shop_overcharged_wands,
          uniq_natasha
D:5:      layout_cave_pools, minitemple, temple_doors_cd, uniq_grinder
D:6:      lemuel_castle_with_subvaults [lemuel_castle_interior_carwin_1],
          layout_cave_pools, minivault_10
D:7:      nicolae_cairo_tiling_very_big, layout_basic,
          nicolae_overflow_hidden_temple, mainiacjoe_overflow_catwalk,
          kennysheep_generic_room_9, uniq_prince_ribbit1, uniq_duvessa,
          uniq_joseph
D:8:      layout_rooms, trog_three_pillars_becter, minmay_starry_boxes
D:9:      layout_roguey, dpeg_oklobed_lair, nicolae_alphabet_shops,
          minmay_holes, uniq_pikel, uniq_erolcha
D:10:     layout_layer_cave, eino_house_with_fridge, uniq_maurice, uniq_maggie,
          uniq_urug, uniq_josephine
Temple:   hellmonk_temple_flake

Skill      XL: |  1  2  3  4  5  6  7  8  9 10 11 12 |
---------------+-------------------------------------+-----
Unarmed Combat | 3 6 |  6.0
Fighting       | 3 4 |  4.7
Spellcasting   | 1 3 4 5 |  5.8
Conjurations   | 1 3 4 5 |  5.8
Hexes          | 1 3 4 0 |  0.0
Summonings     | 1 3 4 5 |  5.8
Necromancy     | 1 3 4 5 |  5.8
Translocations | 1 3 4 0 |  0.0
Transmutations | 1 3 4 5 |  5.8
Fire Magic     | 1 3 4 5 |  5.8
Ice Magic      | 1 3 4 0 |  0.0
Air Magic      | 1 3 4 5 |  5.8
Earth Magic    | 1 3 4 5 |  5.8
Poison Magic   | 1 3 4 5 |  5.8
Shapeshifting  | 4 7 8 11 12 | 12.7
Throwing       | 6 |  6.0
Dodging        | |  2.7

Action                     |  1- 3 |  4- 6 |  7- 9 | 10-12 || total
---------------------------+-------+-------+-------+-------++-------
  Melee: Unarmed           |    95 |    68 |       |   158 ||   321
         Punch             |     2 |     3 |     4 |     8 ||    17
         Trident           |       |    95 |   166 |    98 ||   359
  Throw: Dart              |       |       |    15 |    34 ||    49
   Cast: Magic Dart        |    11 |     4 |     2 |       ||    17
         Ignite Poison     |       |       |     2 |    10 ||    12
 Invoke: Sacrifice Words   |     1 |       |       |       ||     1
         Sacrifice Artific |       |     1 |       |       ||     1
         Sacrifice Arcana  |       |       |     1 |       ||     1
         Draw Out Power    |       |       |     1 |       ||     1
         Apocalypse        |       |       |       |     7 ||     7
         Reject Sacrifices |       |       |       |     1 ||     1
    Use: Scroll            |       |     4 |     2 |     3 ||     9
         Potion            |       |       |       |     2 ||     2
   Stab: Sleeping          |     1 |     7 |     4 |     3 ||    15
         Invisible         |       |       |     2 |     1 ||     3
         Distracted        |       |       |     1 |     1 ||     2
         Paralysed         |       |       |       |    13 ||    13
 Armour: Animal skin       |    15 |     9 |       |       ||    24
         Robe              |       |     6 |    23 |    30 ||    59
         Skin              |       |       |       |    13 ||    13
  Dodge: Dodged            |    47 |    76 |    67 |   101 ||   291
   Form: Blade             |       |       |       |     1 ||     1

Table legend: (Time is in decaauts)
 A = Elapsed time spent in this place.
 B = Non-inter-level travel time spent in this place.
 C = Inter-level travel time spent in this place.
 D = Time resting spent in this place.
 E = Time spent auto-exploring this place.
 F = Levels seen in this place.
 G = Mean time per level.
                   A        B        C        D        E       F      G
               +--------+--------+--------+--------+--------+-----+--------+
         Total |  10400 |   9598 |    802 |   1164 |   6347 |  12 |  866.7 |
       Dungeon |  10172 |   9380 |    792 |   1164 |   6211 |  10 | 1017.2 |
        Temple |    152 |    142 |     10 |      0 |    136 |   1 |  152.0 |
         Abyss |     75 |     75 |      0 |      0 |      0 |   1 |   75.0 |
               +--------+--------+--------+--------+--------+-----+--------+

Top non-repeatable levels by time:
     D:6: 2272 daAuts
     D:9: 1355 daAuts
     D:7: 1189 daAuts
     D:3: 1048 daAuts
     D:4: 978 daAuts
     D:1: 921 daAuts
     D:2: 906 daAuts
     D:5: 639 daAuts
     D:8: 615 daAuts
    D:10: 245 daAuts
  Temple: 152 daAuts
 Abyss:1: 75 daAuts
